 Dungeon Crawl Stone Soup version 0.28.0 (webtiles) character file.

Game seed: 8349041174450617247

30609 DasRunzen the Thaumaturge (level 13, 0/88 (96) HPs)
             Began as a Djinni Ice Elementalist on Feb 14, 2022.
             Was an Initiate of Yredelemnul.
             Slain by a wraith (3 damage)
             ... led by Josephine
             ... on level 4 of the Lair of Beasts on Feb 15, 2022.
             The game lasted 00:57:05 (20867 turns).

DasRunzen the Thaumaturge (DjIE)                   Turns: 20867, Time: 00:57:05

HP:   0/88 (96)     AC:  5    Str: 10    XL:     13   Next: 90%
Gold: 880           EV: 18    Int: 21    God:    Yredelemnul [......] SH:  0 Dex: 15

rFire   + + .      SeeInvis .   m - staff of earth
rCold   + + .      Faith    .   (no shield)
rNeg    . . .      Spirit   .   C - +0 robe {Archmagi}
rPois   ∞          Reflect  .   g - +0 helmet
rElec   .          Harm     .   f - scarf {shadows}
rCorr   .          Rampage  .   y - +0 pair of gloves
Will    +....      Archmagi +   (boots unavailable)
Stlth   ++........              (no amulet)
HPRegen 0.24/turn               c - ring "Paobiw" {Wiz *Corrode rC+++ Str+3}
MPRegen 0.00/turn               (no ring)

@: flying, slowed, drained, very slow
A: sickness immunity, fire resistance 2, cold vulnerability 1, float, innate
caster, HP casting, extra vitality 1
a: Renounce Religion, Recall Undead Harvest


You were on level 4 of the Lair of Beasts.
You worshipped Yredelemnul.
Yredelemnul was noncommittal.
You visited 3 branches of the dungeon, and saw 16 of its levels.

You collected 880 gold pieces.

Inventory:

Hand Weapons
 e - a +3 spectral dagger
 i - a +3 war axe of freezing
 k - a +5 long sword of freezing
 o - the +3 broad axe of Arbitration {freeze, rCorr}
   (You found it on level 9 of the Dungeon)

   It freezes those it strikes, dealing additional cold damage.
   It can also slow down cold-blooded creatures.
   rCorr:     It protects you from acid and corrosion.
 B - a +2 scimitar of flaming
Missiles
 h - 300 stones
 K - 2 throwing nets
Armour
 f - a scarf of shadows (worn)
 g - a +0 helmet (worn)
 y - a +0 pair of gloves (worn)
 z - a +2 robe of willpower
 A - the +1 leather armour of Ucoid {rPois rN+ rCorr SInv}
   (You found it on level 1 of the Lair of Beasts)

   rPois:     It protects you from poison.
   rN:        It protects you from negative energy.
   SInv:      It lets you see invisible.
   rCorr:     It protects you from acid and corrosion.
 C - a +0 robe of the Archmagi (worn)
Magical Staves
 m - a staff of earth (weapon)
 L - a staff of death
Jewellery
 a - a +4 ring of protection
 c - the ring "Paobiw" (left hand) {Wiz *Corrode rC+++ Str+3}
   (You acquired it on level 2 of the Dungeon)

   [ring of wizardry]

   It improves your spell success rate.
   Str:       It affects your strength (+3).
   rC:        It renders you almost immune to cold.
   *Corrode:  It may corrode you when you take damage.
 q - a ring of fire
 v - a +6 ring of dexterity
Wands
 n - a wand of polymorph (14)
 w - a wand of charming (11)
 x - a wand of iceblast (25)
 D - a wand of mindburst (31)
 E - a wand of digging (5)
Scrolls
 d - 4 scrolls of teleportation
 s - a scroll of silence
 F - a scroll of magic mapping
 G - a scroll of summoning
 J - a scroll of fear
 M - a scroll of identify
Potions
 b - 3 potions of cancellation
 j - 8 potions of heal wounds
 l - 3 potions of mutation
 p - 6 potions of curing
 r - 5 potions of haste
 t - 4 potions of lignification
 u - 4 potions of brilliance
 H - a potion of ambrosia {unknown}
 I - 2 potions of might {unknown}


   Skills:
 + Level 10.3 Fighting
 + Level 10.3 Armour
 + Level 11.4 Dodging
 - Level 1.5 Stealth
 * Level 11.7 Spellcasting


You had 6 spell levels left.
You knew the following spells:

 Your Spells              Type           Power      Damage    Failure   Level
a - Freeze                Ice            100%       1d11      1%          1
b - Frozen Ramparts       Ice            100%       1d12      1%          3
c - Ozocubu's Armour      Ice            75%        N/A       1%          3
d - Hailstorm             Conj/Ice       75%        3d15      1%          4
e - Sandblast             Erth           100%       2d20      1%          1
f - Call Imp              Summ           75%        N/A       1%          2
g - Stone Arrow           Conj/Erth      100%       3d13      1%          3
h - Vampiric Draining     Necr           75%        2d11      1%          3
i - Airstrike             Air            37%        N/A       1%          4
j - Alistair's Intoxicat  Tmut/Pois      50%        N/A       1%          5
Your spell library was empty.

Dungeon Overview and Level Annotations

Branches:
Dungeon (11/15)            Temple (1/1) D:5            Lair (4/6) D:11
  Swamp (0/4) Lair:3       Spider (0/4) Lair:3
    Orc: D:9-12

Altars:
Ashenzari
Cheibriados
Dithmenos
Elyvilon
Fedhas
Gozag
Hepliaklqana
Kikubaaqudgha
Makhleb
Nemelex Xobeh
Okawaru
Qazlal
Ru
Sif Muna
Trog
Uskayaw
Vehumet
Wu Jian
Xom
Yredelemnul
Zin
The Shining One

Shops:
D:4 (   D:6 :

Annotations:
D:10 3 runed translucent doors, Veteran's ghost, journeyman DECj
Lair:4 Josephine


Innate Abilities, Weirdness & Mutations

You are immune to sickness and miasma.
You are immune to poison.
Your flesh is very heat resistant. (rF++)
You are vulnerable to cold. (rC-)
You float through the air rather than walking.
You learn spells naturally, not from books.
Your magical power is your life essence.
You have superior vitality. (+4 MHP)


Message History

Aiming: Stone Arrow (safe; 1% risk of failure)
Press: ? - help, Shift-Dir - straight line, f/p - Josephine
Aim: Josephine, wielding a +0 dagger and wearing a +2 robe (moderately wounded, 78% to hit)
You feel a strong surge of power!
The stone arrow hits Josephine!!
Josephine is severely wounded.
The wraith hits you but does no damage. Josephine barely misses you.
The wraith misses you.
Josephine gestures at you while chanting.
The ghostly flame explodes!
The ghostly fireball engulfs you!!
You feel drained.
* * * LOW HITPOINT WARNING * * *
The ghostly fireball engulfs Josephine.
Josephine completely resists.
The ghostly fireball engulfs the wraith.
The wraith completely resists.
You hear a trumpeting! x2
Casting: Stone Arrow (safe; 1% risk of failure)
Confirm with . or Enter, or press ? or * to list all spells.
Aiming: Stone Arrow (safe; 1% risk of failure)
Press: ? - help, Shift-Dir - straight line, f/p - Josephine
Aim: Josephine, wielding a +0 dagger and wearing a +2 robe (severely wounded, 78% to hit)
You feel a strong surge of power!
The stone arrow hits Josephine!!
Josephine is almost dead.
* * * LOW HITPOINT WARNING * * *
The wraith completely misses you. Josephine barely misses you.
Casting: Stone Arrow (safe; 1% risk of failure)
Confirm with . or Enter, or press ? or * to list all spells.
Aiming: Stone Arrow (safe; 1% risk of failure)
Press: ? - help, Shift-Dir - straight line, f/p - Josephine
Aim: Josephine, wielding a +0 dagger and wearing a +2 robe (almost dead, 78% to hit)
You feel a strong surge of power!
The stone arrow misses Josephine.
* * * LOW HITPOINT WARNING * * *
The wraith misses you. Josephine casts a spell at you.
The ghostly flame explodes!
The ghostly fireball engulfs you!
You feel drained.
* * * LOW HITPOINT WARNING * * *
The ghostly fireball engulfs Josephine.
Josephine completely resists.
The ghostly fireball engulfs the wraith.
The wraith completely resists.
The wraith hits you.
You die...
Your body rises from the dead as a mindless zombie.

...................#
...................#
##.................
###....P......P.#...
.
##.##..........P###.#
..#.....#.....##P#
.........###### ##
.....@..P# .....W@..#
.....W...# .....$..##
........# ........#
........# ......^.#


You could see Josephine and 2 wraiths.

Vanquished Creatures
  Harold (Lair:2)
  5 hydras
  A boulder beetle (Lair:3)
  Erica (D:8)
  2 two-headed ogres (D:10)
  Urug (D:11)
  2 bog bodies (Lair:3)
  Pikel (D:7)
  A cyclops (D:11)
  Maurice (D:10)
  3 black mambas (Lair:2)
  7 cane toads
  Psyche (D:8)
  4 komodo dragons
  2 rime drakes
  4 trolls
  A hornet (D:9)
  Prince Ribbit (D:8)
  A tyrant leech (Lair:1)
  11 blink frogs
  Sigmund (D:2)
  4 wraiths
  A shadow (D:11)
  14 yaks
  Eustachio (D:6)
  2 wyverns
  A basilisk (Lair:1)
  A steam dragon (D:6)
  2 swamp worms (Lair:1)
  An acid dragon (D:11)
  Edmund (D:5)
  3 water moccasins
  2 orc warriors
  An ice beast (D:8)
  2 necrophages (D:6)
  2 ogres (D:6)
  A centaur (D:8)
  4 wolves (D:11)
  A lemure (D:7)
  3 phantoms
  2 kobold brigands (D:9)
  8 bullfrogs
  6 scorpions
  A wyvern zombie (D:8)
  A gnoll sergeant (D:11)
  18 wights
  6 killer bees
  2 electric eels (D:11)
  A howler monkey (D:9)
  A bullfrog zombie (D:7)
  3 centaur zombies
  5 hounds
  2 jellies
  7 orc priests
  2 gnoll shamans
  A bullfrog skeleton (D:6)
  4 iguanas
  7 orc wizards
  A hound skeleton (D:4)
  Robin (D:2)
  2 howler monkey zombies (D:9)
  10 gnolls
  5 adders
  2 shadow imps
  A white imp (D:8)
  A worm (D:3)
  The ghost of fly the Sneak, a weakling FoDe (D:4)
  2 dart slugs
  17 orcs
  8 endoplasms
  4 giant cockroaches
  20 goblins
  9 hobgoblins
  9 jackals
  A quokka (D:4)
  5 ball pythons
  6 bats
  3 frilled lizards
  16 kobolds
  A kobold zombie (D:9)
  6 rats
307 creatures vanquished.

Vanquished Creatures (collateral kills)
  Gastronok (Lair:2)
  A centaur zombie (D:11)
  A cane toad (Lair:1)
  A black mamba (Lair:2)
  2 komodo dragons (Lair:2)
  3 blink frogs
  7 yaks
  A wyvern (D:9)
  An ogre (D:4)
  3 killer bees
  A hound (D:11)
  4 gnolls
  A worm (D:3)
  An orc (D:10)
  A bush (Lair:2)
29 creatures vanquished.

Vanquished Creatures (others)
  A cane toad zombie (Lair:3)
  A rime drake zombie (Lair:3)
  2 yak zombies (Lair:3)
  A wolf zombie (D:11)
  A centaur zombie (D:8)
  2 scorpion zombies (Lair:3)
  3 killer bee zombies (D:11)
  A human zombie (D:10)
  A hound zombie (D:11)
  A gnoll zombie (D:7)
  3 kobold zombies (D:9)
  An orc zombie (D:10)
  34 fungi
  64 plants
116 creatures vanquished.

Grand Total: 452 creatures vanquished

Notes
Turn   | Place    | Note
-------+----------+-------------------------------------------
     0 | D:1      | DasRunzen the Djinni Ice Elementalist began the quest for
                  | the Orb.
     0 | D:1      | Reached XP level 1. HP: 15/15 MP: 0/0
   259 | D:1      | Reached XP level 2. HP: 11/22 MP: 0/0
   937 | D:1      | Reached XP level 3. HP: 19/26 MP: 0/0
   937 | D:1      | Learned a level 1 spell: Sandblast
  1090 | D:1      | Reached skill level 1 in Fighting
  1155 | D:1      | Reached skill level 1 in Armour
  1627 | D:2      | Noticed Robin
  1631 | D:2      | Killed Robin
  1632 | D:2      | Reached XP level 4. HP: 23/32 MP: 0/0
  2139 | D:2      | Noticed Sigmund
  2151 | D:2      | Killed Sigmund
  2152 | D:2      | Reached XP level 5. HP: 13/38 MP: 0/0
  2152 | D:2      | Learned a level 2 spell: Call Imp
  2152 | D:2      | Reached XP level 6. HP: 15/43 MP: 0/0
  2726 | D:2      | Identified a scroll of acquirement
  2726 | D:2      | Acquired the ring "Paobiw" {Wiz *Corrode rC+++ Str+3}
  3140 | D:3      | Found a faded altar of an unknown god.
  3598 | D:4      | Noticed an ogre
  3614 | D:4      | Killed an ogre
  3615 | D:4      | Reached XP level 7. HP: 38/49 MP: 0/0
  3615 | D:4      | Learned a level 3 spell: Stone Arrow
  4095 | D:4      | Found Fuynkionna's Weapon Shop.
  4715 | D:4      | Found a runed translucent door.
  4716 | D:4      | Noticed fly's ghost (weakling FoDe)
  4914 | D:4      | Reached skill level 5 in Spellcasting
  4914 | D:4      | Killed fly's ghost
  5157 | D:5      | Entered Level 5 of the Dungeon
  5183 | D:5      | Reached XP level 8. HP: 25/56 MP: 0/0
  5405 | D:5      | Found a staircase to the Ecumenical Temple.
  5425 | Temple   | Entered the Ecumenical Temple
  5460 | Temple   | Became a worshipper of Yredelemnul the Dark
  5524 | D:5      | Noticed Edmund
  5538 | D:5      | Killed Edmund
  5933 | D:5      | Reached skill level 5 in Dodging
  6178 | D:6      | Noticed Eustachio
  6183 | D:6      | Killed Eustachio
  6487 | D:6      | Reached XP level 9. HP: 54/63 MP: 0/0
  6487 | D:6      | Learned a level 3 spell: Vampiric Draining
  6672 | D:6      | Reached * piety under Yredelemnul
  6989 | D:6      | Reached ** piety under Yredelemnul
  7024 | D:6      | Reached skill level 5 in Fighting
  7024 | D:6      | Reached skill level 5 in Armour
  7275 | D:6      | Found Eluc's Book Shop.
  7373 | D:6      | Reached *** piety under Yredelemnul
  7572 | D:6      | Noticed a troll
  7576 | D:6      | Killed a troll
  8140 | D:7      | Noticed Pikel
  8145 | D:7      | Killed Pikel
  8146 | D:7      | Reached XP level 10. HP: 60/72 MP: 0/0
  9126 | D:8      | Noticed Psyche
  9131 | D:8      | Killed Psyche
  9330 | D:8      | Noticed Prince Ribbit
  9349 | D:8      | Killed Prince Ribbit
  9859 | D:8      | Noticed Erica
  9866 | D:8      | Killed Erica
  9978 | D:8      | Noticed a five-headed hydra
  9982 | D:8      | Killed a five-headed hydra
  9983 | D:8      | Reached XP level 11. HP: 66/78 MP: 0/0
  9983 | D:8      | Learned a level 4 spell: Airstrike
 10536 | D:9      | Identified the +3 broad axe of Arbitration {freeze, rCorr}
 11685 | D:9      | Reached **** piety under Yredelemnul
 12125 | D:10     | Entered Level 10 of the Dungeon
 12308 | D:10     | Noticed Maurice
 12422 | D:10     | Killed Maurice
 12778 | D:10     | Noticed a two-headed ogre
 12785 | D:10     | Your ally Maurice died
 12787 | D:10     | Killed a two-headed ogre
 13021 | D:10     | Found a runed translucent gate.
 13022 | D:10     | Found a runed translucent gate.
 13023 | D:10     | Found a runed translucent gate.
 13025 | D:10     | Noticed a glowing orange brain
 13025 | D:10     | Noticed Veteran's ghost (journeyman DECj)
 13393 | D:10     | Noticed a two-headed ogre
 13398 | D:10     | Killed a two-headed ogre
 13592 | D:11     | Noticed a five-headed hydra
 13595 | D:11     | Killed a five-headed hydra
 14177 | D:11     | Reached XP level 12. HP: 47/86 MP: 0/0
 14338 | D:11     | Found a staircase to the Lair.
 14440 | D:11     | Found a blossoming altar of Fedhas.
 14880 | D:11     | Noticed Urug
 14889 | D:11     | Killed Urug
 15307 | Lair:1   | Entered Level 1 of the Lair of Beasts
 15314 | Lair:1   | Identified the +1 leather armour of Ucoid {rPois rN+ rCorr
                  | SInv}
 15367 | Lair:1   | Reached skill level 10 in Spellcasting
 15627 | Lair:1   | Noticed an eight-headed hydra
 15632 | Lair:1   | Killed an eight-headed hydra
 15632 | Lair:1   | Reached ***** piety under Yredelemnul
 15930 | Lair:1   | Reached ****** piety under Yredelemnul
 15930 | Lair:1   | Reached skill level 10 in Dodging
 16898 | Lair:2   | Noticed a seven-headed hydra
 16903 | Lair:2   | Killed a seven-headed hydra
 17256 | Lair:2   | Noticed Harold
 17264 | Lair:2   | Killed Harold
 17265 | Lair:2   | Reached XP level 13. HP: 61/94 MP: 0/0
 17265 | Lair:2   | Learned a level 5 spell: Alistair's Intoxication
 17467 | Lair:2   | Noticed an eight-headed hydra
 17470 | Lair:2   | Killed an eight-headed hydra
 17505 | Lair:2   | Noticed Gastronok
 17512 | Lair:2   | Killed Gastronok
 19080 | Lair:3   | Reached skill level 10 in Armour
 19128 | Lair:3   | Noticed a boulder beetle
 19136 | Lair:3   | Reached skill level 10 in Fighting
 19151 | Lair:3   | Killed a boulder beetle
 19472 | Lair:3   | Found a hole to the Spider Nest.
 19558 | Lair:3   | Found a staircase to the Swamp.
 20857 | Lair:4   | Noticed Josephine
 20867 | Lair:4   | HP: 3/88 [Josephine/ghostly fireball (17)]
 20867 | Lair:4   | Slain by a wraith

Illustrated notes

Levels and vault maps discovered:
D:1:      dpeg_arrival_lava_temple_mockup, layout_rooms, st_stairs_10,
          minmay_quantized
D:2:      layout_basic, minmay_tromino_i2, uniq_sigmund, uniq_robin
D:3:      layout_basic, dilly_ecumenical_altar_fadedgnrine
D:4:      layout_layer_cave, lemuel_crystal_altar, serial_shops,
          nicolae_square_shop, ebering_ghost_inner_flame
D:5:      layout_rooms, minmay_temple_entry_slanted, uniq_edmund
D:6:      layout_loops_ring, serial_shops, kennysheep_little_box,
          minmay_misc_feat_diagonals, uniq_eustachio
D:7:      layout_basic, minmay_misc_feat_iff, uniq_pikel
D:8:      layout_loops_cross, uniq_erica, uniq_prince_ribbit1, uniq_psyche
D:9:      layout_basic, water_boxes_lemuel
D:10:     layout_long_grid, gammafunk_ghost_ooze, uniq_maurice
D:11:     layout_basic, erik_lair_island, fedhas_altar_2, uniq_urug
Temple:   grunt_wide_crystal_templ
Lair:1:   layout_regular_city, worms_lemuel, grunt_megastairs_5
Lair:2:   layout_roguey, uniq_harold, uniq_gastronok
Lair:3:   layout_regular_city, skrybe_swamp_entry_bodies,
          nicolae_spider_entry_non_spiders
Lair:4:   layout_cave_pods, eino_house_with_fridge, lemuel_fruit_fields,
          lemuel_fruit_fields, uniq_josephine

Skill      XL: |  1  2  3  4  5  6  7  8  9 10 11 12 13 |
---------------+----------------------------------------+-----
Fighting       | 1 2 3 4 5 6 8 9 10 | 10.3
Armour         | 1 2 3 4 5 7 8 9 10 | 10.3
Dodging        | 3 4 5 6 8 9 10 11 | 11.4
Spellcasting   | 4 5 6 7 8 9 10 11 | 11.7
Stealth        | |  1.5

Action                   |  1- 3 |  4- 6 |  7- 9 | 10-12 | 13-15 || total
-------------------------+-------+-------+-------+-------+-------++-------
Melee: Dagger            |     3 |    28 |       |       |       ||    31
       Punch             |     1 |       |       |       |       ||     1
       Staff             |       |     8 |     9 |    19 |       ||    36
 Cast: Freeze            |    50 |    37 |     5 |       |       ||    92
       Frozen Ramparts   |     2 |     4 |    12 |    16 |     7 ||    41
       Sandblast         |       |     6 |       |     1 |       ||     7
       Call Imp          |       |     4 |     1 |     2 |       ||     7
       Ozocubu's Armour  |       |     1 |       |     1 |       ||     2
       Stone Arrow       |       |       |   100 |   149 |    33 ||   282
       Hailstorm         |       |       |       |     4 |       ||     4
       Vampiric Draining |       |       |       |     1 |       ||     1
       Airstrike         |       |       |       |    78 |   110 ||   188
  Use: Scroll            |     3 |     4 |     9 |    13 |       ||    29
 Stab: Sleeping          |       |     4 |       |       |       ||     4
Armor: Robe              |     7 |    10 |     9 |     6 |     1 ||    33
Dodge: Dodged            |    23 |    44 |    36 |    52 |     8 ||   163
